 Dungeon Crawl Stone Soup version 0.20-a0-2-g2b0e13a (console) character file.

117 brucemayne the Chopper (level 5, 0/45 HPs)
             Began as a Hill Orc Monk on Oct 28, 2016.
             Killed by divine providence
             ... invoked by an orc priest
              (11 damage)
             ... on level 6 of the Dungeon.
             The game lasted 00:03:31 (1060 turns).

brucemayne the Chopper (Hill Orc Monk)              Turns: 1060, Time: 00:03:32

Health: 0/45       AC:  5    Str: 15    XL:     5   Next: 1%
Magic:  5/5        EV: 11    Int: 10    God:
Gold:   61         SH:  0    Dex: 13    Spells: 0 memorised, 4 levels left

rFire  . . .     SeeInvis .     g - +0 war axe
rCold  . . .     Gourm    .     h - +0 ring mail
rNeg   . . .     Faith    .     (no shield)
rPois  +         Spirit   .     (no helmet)
rElec  .         Reflect  .     (no cloak)
rCorr  .         Harm     .     (no gloves)
MR     .....                    (no boots)
Stlth  +.........               (no amulet)
                                (no ring)
                                l - ring of poison resistance

@: no status effects
A: no striking features
a: Convert to Beogh


You were on level 6 of the Dungeon.
You were not hungry.

You visited 1 branch of the dungeon, and saw 6 of its levels.

You collected 61 gold pieces.

Inventory:

Hand Weapons
 a - a +0 hand axe
 g - a +0 war axe (weapon)
Armour
 b - a +0 robe
 h - a +0 ring mail (worn)
Jewellery
 l - a ring of poison resistance (left hand)
Scrolls
 d - a scroll of remove curse {unknown}
Potions
 e - a potion of berserk rage
 m - a potion of ambrosia
Comestibles
 c - 3 bread rations
 f - a chunk of flesh
 i - 3 fruits
 k - 2 meat rations


   Skills:
 - Level 3.6 Fighting
 + Level 7.3 Axes
 - Level 2.4 Dodging
 - Level 1.5 Stealth


You had 4 spell levels left.
You didn't know any spells.

Dungeon Overview and Level Annotations

Branches:
Dungeon (6/15)
 Temple: D:4-7

Altars:


Message History

* * * LOW HITPOINT WARNING * * *
Okay, then.
Okay, then.
You feel better. The orc priest hits you with a club.
* * * LOW HITPOINT WARNING * * *
You closely miss the orc priest.
The orc priest is severely wounded.
The orc priest shouts, "Join the one true god or die!"
The orc priest barely misses you.
You hit the orc priest but do no damage.
The orc priest is severely wounded.
The orc priest hits you but does no damage.
You hit the orc priest but do no damage.
The orc priest is severely wounded.
The orc priest looks satisfied for a moment.
You closely miss the orc priest.
The orc priest is severely wounded.
The orc priest mumbles some strange prayers to Beogh against you.
Beogh smites you!
You die...

#.# #>###. #.#..
#.#.. #.#.. #.#.#
#>#.#
###.#.####### ##
#...)@[.....# .#
#.#...o####.# .#
#....##.###.##.#.#
#....##.....o....#
#....##.###.##o###
#.##...## #.# .#
#.###.## #.# o#
#.# .# #.# .# #.#
.# #.# o#


You could see an orc priest.

Vanquished Creatures
  An orc wizard (D:6)
  A hound skeleton (D:4)
  2 adders
  A shadow imp (D:5)
  A leopard gecko (D:2)
  3 orcs
  5 giant cockroaches
  7 goblins
  A hobgoblin (D:1)
  10 jackals
  A ball python (D:5)
  2 bats
  A frilled lizard (D:1)
  2 kobolds (D:2)
  7 rats
45 creatures vanquished.

Notes
Turn   | Place    | Note
-------+----------+-------------------------------------------
     0 | D:1      | brucemayne the Hill Orc Monk began the quest for the Orb.
     0 | D:1      | Reached XP level 1. HP: 19/19 MP: 1/1
    54 | D:1      | Reached XP level 2. HP: 20/26 MP: 2/2
   171 | D:1      | Reached skill level 5 in Axes
   244 | D:2      | Reached XP level 3. HP: 14/31 MP: 3/3
   609 | D:2      | Reached skill level 6 in Axes
   770 | D:4      | Reached XP level 4. HP: 35/39 MP: 4/4
   844 | D:5      | Entered Level 5 of the Dungeon
  1048 | D:6      | Reached skill level 7 in Axes
  1048 | D:6      | Reached XP level 5. HP: 42/45 MP: 5/5
  1060 | D:6      | Killed from afar by an orc priest

Vault maps used:
D:1:      minmay_arrival_glassed_features
D:2:      chequers_temple_overflow_minitemple
D:3:      lemuel_zombie_altar_yredelemnul, nicolae_overflow_hidden_temple,
          marbit_many_paths, first_bread
D:4:      kennysheep_mini_moat, chequers_temple_overflow_statue_of_worship,
          uniq_menkaure, uniq_eustachio
D:5:      nicolae_ru_sacrificial_ziggurat
D:6:      kennysheep_windowed_goal

Skill      XL: |  1  2  3  4 |
---------------+-------------+-----
Axes           | 5 6 7 |  7.3
Fighting       | |  3.6
Dodging        | |  2.4
Stealth        | |  1.5

Action                   |  1- 3 |  4- 6 || total
-------------------------+-------+-------++-------
Melee: Hand axe          |    87 |       ||    87
       War axe           |    38 |    30 ||    68
  Use: Potion            |     1 |     1 ||     2
       Scroll            |       |     3 ||     3
 Stab: Distracted        |     1 |       ||     1
       Sleeping          |       |     1 ||     1
  Eat: Chunk             |       |     1 ||     1
Armor: Robe              |    13 |       ||    13
       Ring mail         |    12 |     7 ||    19
Dodge: Dodged            |    87 |    13 ||   100
